 Dungeon Crawl Stone Soup version 0.29.1-1-gd02db6906a (webtiles) character file.

Game seed: 985413240946710207

1528 safid the Skirmisher (level 8, -1/63 HPs)
             Began as a Minotaur Hunter on Sept 30, 2022.
             Slain by a sky beast (6 damage)
             ... on level 7 of the Dungeon.
             The game lasted 00:09:51 (6247 turns).

safid the Skirmisher (Minotaur Hunter)              Turns: 6247, Time: 00:09:52

Health: -1/63      AC:  3    Str: 21    XL:     8   Next: 55%
Magic:  7/7        EV: 13    Int:  6    God:
Gold:   470        SH:  5    Dex: 21    Spells: 7/7 levels left

rFire   . . .      SeeInvis .   a - +0 shortbow
rCold   . . .      Faith    .   (shield currently unavailable)
rNeg    . . .      Spirit   .   q - +1 robe "Patua" {rPois Str+4 Archmagi}
rPois   +          Reflect  +   (helmet restricted)
rElec   .          Harm     .   (no cloak)
rCorr   .          Rampage  .   (no gloves)
Will    .....      Archmagi +   (no boots)
Stlth   ++........              l - amulet of reflection
HPRegen 0.20/turn               C - +6 ring of dexterity
MPRegen 0.10/turn               (no ring)

@: no status effects
A: horns 2, retaliatory headbutt
a: no special abilities


You were on level 7 of the Dungeon.
You visited 1 branch of the dungeon, and saw 7 of its levels.
You also visited: Ossuary.

You collected 470 gold pieces.

Inventory:

Hand Weapons
 a - a +0 shortbow (weapon)
Missiles
 f - 3 poisoned darts
Armour
 q - the +1 robe "Patua" (worn) {rPois Str+4 Archmagi}
   (You found it on level 2 of the Dungeon)

   Str:       It affects your strength (+4).
   rPois:     It protects you from poison.
   Archmagi:  It increases the power of your magical spells.
 A - a +0 crystal plate armour
Jewellery
 l - an amulet of reflection (around neck)
 C - a +6 ring of dexterity (left hand)
Wands
 B - a wand of iceblast (10)
Scrolls
 b - a scroll of immolation
 d - 3 scrolls of butterflies
 j - 2 scrolls of magic mapping
 k - 2 scrolls of torment
 m - 4 scrolls of teleportation
 n - 2 scrolls of enchant armour {unknown}
 o - a scroll of silence {unknown}
 p - a scroll of poison {unknown}
 r - 2 scrolls of amnesia {unknown}
 s - 3 scrolls of noise {unknown}
 t - 4 scrolls of blinking
 u - 2 scrolls of vulnerability {unknown}
 y - a scroll of acquirement {unknown}
Potions
 c - a potion of magic {unknown}
 e - a potion of mutation {unknown}
 g - a potion of might {unknown}
 h - 4 potions of lignification {unknown}
 i - 4 potions of curing
 v - a potion of brilliance {unknown}
 w - a potion of haste {unknown}
 x - 2 potions of resistance {unknown}
 z - a potion of heal wounds {unknown}


   Skills:
 - Level 3.0 Fighting
 + Level 12.3 Ranged Weapons
 - Level 2.1 Dodging
 - Level 0.7 Stealth


You had 7 spell levels left.
You didn't know any spells.
Your spell library contained the following spells:

 Spells                   Type           Power      Damage    Failure   Level
 Apportation              Tloc           0%         N/A       45%         1
 Magic Dart               Conj           0%         1d3       45%         1
 Call Imp                 Summ           0%         N/A       58%         2
 Call Canine Familiar     Summ           0%         N/A       83%         3
 Inner Flame              Hex/Fire       0%         N/A       83%         3
 Mephitic Cloud           Conj/Pois/Air  0%         N/A       83%         3
 Ozocubu's Armour         Ice            0%         N/A       83%         3
 Portal Projectile        Hex/Tloc       0%         N/A       83%         3
 Cause Fear               Hex            0%         N/A       99%         4
 Leda's Liquefaction      Hex/Erth       0%         N/A       99%         4
 Alistair's Intoxication  Tmut/Pois      0%         N/A       100%        5
 Metabolic Englaciation   Hex/Ice        0%         N/A       100%        5
 Simulacrum               Ice/Necr       0%         N/A       100%        6
 Ozocubu's Refrigeration  Ice            0%         4d7       100%        7
 Discord                  Hex            0%         N/A       100%        8


Dungeon Overview and Level Annotations

Branches:
Dungeon (7/15)            Ossuary (visited)
 Temple: D:4-7

Altars:
Elyvilon
Makhleb
Qazlal
Trog
Xom
Zin
The Shining One

Annotations:
D:3 2 transporters, styxcanada's ghost, novice SpBr


Innate Abilities, Weirdness & Mutations

You have a pair of horns on your head.
You reflexively headbutt those who attack you in melee.


Message History

You shoot an arrow. The arrow misses the sky beast.
An orc priest comes into view. It is wielding a +0 club.
You shoot an arrow. The arrow hits the sky beast.
The sky beast is lightly wounded.
The sky beast hits you. The sky beast shocks you.
You shoot an arrow. The arrow hits the sky beast!
The sky beast is moderately wounded.
An orc comes into view. It is wielding a +0 hand axe.
The orc warrior misses you. You furiously retaliate!
You headbutt the orc warrior. The sky beast hits you. The sky beast shocks you.
You shoot an arrow. The arrow hits the sky beast!
The sky beast is heavily wounded.
The orc priest casts a cantrip, but nothing happens.
The orc warrior hits you with a +0 long sword!
You block the sky beast's attack.
You shoot an arrow. The arrow hits the sky beast.
The sky beast is severely wounded.
You shoot an arrow. The arrow barely misses the sky beast.
The orc wizard hits you but does no damage.
The sky beast hits you but does no damage.
You block the orc warrior's attack.
Unknown command.
The sky beast attacks as you move away! The sky beast closely misses you.
The orc priest mumbles some strange prayers to Beogh against you.
Beogh smites you! The sky beast attacks as you move away!
The sky beast hits you but does no damage.
The sky beast attacks as you move away! You block the sky beast's attack.
The sky beast flickers out of sight!
Deactivating autopickup; reactivate with Ctrl-A.
The orc wizard casts a spell at you.
The orc priest invokes the aid of Beogh against you.
Beogh smites you!
* * * LOW HITPOINT WARNING * * *
There is a stone staircase leading down here.
The orc priest begins to cast a cantrip, but forgets the words!
Something hits you.
* * * LOW HITPOINT WARNING * * *
Something shocks you.
You die...

##########
#........#
#.######.#
############.# #<#
#.#####oo.o..>@....#
#.#
#......o############
#.# ######..# #.#
#o.# (.. #?.# #.#
#.)# #.# #... #.#
.... ....


You could see an orc warrior, an orc priest, an orc wizard and an orc.

Vanquished Creatures
  A water moccasin (D:5)
  A black bear (D:6)
  An ice beast (D:5)
  An ogre (D:4)
  A centaur (D:4)
  2 phantoms (D:4)
  A scorpion (D:6)
  A howler monkey (D:6)
  6 hounds
  2 orc priests
  A gnoll bouda (D:6)
  2 jellies (D:4)
  Jessica (D:2)
  3 iguanas
  2 orc wizards
  8 mummies (Ossuary)
  Robin (D:1)
  9 gnolls
  5 adders
  A shadow imp (D:6)
  An ufetubus (D:5)
  2 worms
  2 dart slugs (D:1)
  12 orcs
  4 ball pythons
  5 endoplasms
  2 giant cockroaches
  11 goblins
  6 hobgoblins
  6 quokkas
  3 bats
  3 frilled lizards
  2 hobgoblin zombies (Ossuary)
  3 kobolds
  3 kobold zombies (Ossuary)
  3 orc zombies (Ossuary)
  6 rats
  A butterfly (D:6)
125 creatures vanquished.

Notes
Turn   | Place    | Note
-------+----------+-------------------------------------------
     0 | D:1      | safid the Minotaur Hunter began the quest for the Orb.
     0 | D:1      | Reached XP level 1. HP: 18/18 MP: 0/0
   180 | D:1      | Reached XP level 2. HP: 25/25 MP: 1/1
   502 | D:1      | Found a faded altar of an unknown god.
   608 | D:1      | Reached skill level 5 in Ranged Weapons
   929 | D:2      | Noticed Jessica
   936 | D:2      | Killed Jessica
   937 | D:2      | Reached XP level 3. HP: 29/31 MP: 2/2
  1035 | D:2      | Noticed Robin
  1078 | D:1      | HP: 1/31 [Robin/+0 falchion (5)]
  1084 | D:1      | Killed Robin
  1085 | D:1      | Reached skill level 6 in Ranged Weapons
  1085 | D:1      | Reached XP level 4. HP: 2/38 MP: 3/3
  1702 | D:2      | Identified the +1 robe "Patua" {rPois Str+4 Archmagi}
  2193 | D:3      | Noticed styxcanada's ghost (novice SpBr)
  2196 | D:3      | Found a transporter.
  2227 | D:3      | Found a transporter.
  2233 | D:3      | Found a burning altar of Makhleb.
  2345 | D:3      | Reached XP level 5. HP: 28/45 MP: 4/4
  2350 | D:3      | Reached skill level 7 in Ranged Weapons
  2701 | D:4      | Noticed an ogre
  2708 | D:4      | Killed an ogre
  2709 | D:4      | Reached skill level 8 in Ranged Weapons
  2709 | D:4      | Reached XP level 6. HP: 51/51 MP: 5/5
  2998 | D:4      | Reached skill level 9 in Ranged Weapons
  3064 | D:4      | Reached XP level 7. HP: 6/57 MP: 6/6
  3835 | D:5      | Entered Level 5 of the Dungeon
  3872 | D:5      | Reached skill level 10 in Ranged Weapons
  3922 | D:5      | Found a stormy altar of Qazlal.
  4179 | D:5      | Reached XP level 8. HP: 60/63 MP: 7/7
  4184 | D:5      | Reached skill level 11 in Ranged Weapons
  4279 | D:5      | Found a sand-covered staircase.
  4289 | Ossuary  | Entered an ossuary
  4865 | D:6      | Found a white marble altar of Elyvilon.
  4874 | D:6      | Found a glowing silver altar of Zin.
  4877 | D:6      | Found a glowing golden altar of the Shining One.
  5329 | D:6      | Found a shimmering altar of Xom.
  5410 | D:6      | Identified the +2 leather armour of Resourcefulness {rF+
                  | rN+ Int-5}
  5443 | D:6      | Found a bloodstained altar of Trog.
  5460 | D:6      | Reached skill level 12 in Ranged Weapons
  6247 | D:7      | Slain by a sky beast

Illustrated notes

Levels and vault maps discovered:
D:1:      heliophobic_arrival_henge, layout_basic,
          chequers_ecumenical_altar_twisty, minmay_box_of_dots
D:2:      minmay_door_path, layout_rooms, uniq_jessica, uniq_robin
D:3:      layout_rooms, overflow_temple_1_default, gammafunk_ghost_mausoleum
D:4:      layout_gridville
D:5:      layout_rooms, lemuel_tele_altar, enter_ossuary_1
D:6:      layout_gridville, good_gods_temple_1, xom_butterflies,
          nicolae_overflow_crystal_walls, serial_co_window_serial,
          co_window_paths_b, co_window_corner_a, co_window_paths_b,
          co_window_paths_a, co_window_of_opportunity_a,
          co_window_unsneaky_path_a, co_window_unsneaky_path_a,
          co_window_unsneaky_path_c, co_window_paths_d, co_window_4corner_a,
          corexii_corridor_pit
D:7:      minmay_the_grid_triangle_9x9_rhombus_full
          [minmay_the_grid_triangle_9x9_skeleton,
          minmay_the_grid_triangle_9x9_wacky_v,
          minmay_the_grid_triangle_9x9_warning,
          minmay_the_grid_triangle_9x9_zippers_horizontal,
          minmay_the_grid_triangle_9x9_descending_squares,
          minmay_the_grid_triangle_9x9_alien,
          minmay_the_grid_triangle_9x9_subtriangle,
          minmay_the_grid_triangle_9x9_prize_special], layout_loops_ring,
          minitemple, minmay_temple_entry_statues_fountains

Skill      XL: |  1  2  3  4  5  6  7  8 |
---------------+-------------------------+-----
Fighting       | 3 |  3.0
Ranged Weapons | 5 6 8 9 10 12 | 12.3
Dodging        | |  2.1
Stealth        | |  0.7

Action                   |  1- 3 |  4- 6 |  7- 9 || total
-------------------------+-------+-------+-------++-------
 Fire: Shortbow          |    76 |   125 |   287 ||   488
  Use: Scroll            |       |       |     6 ||     6
       Potion            |       |       |     1 ||     1
Armor: Leather armour    |    16 |     2 |       ||    18
       Robe              |       |     4 |    20 ||    24
Dodge: Dodged            |    28 |    34 |    88 ||   150
Block: Other             |       |     9 |    34 ||    43
       Reflection        |       |     1 |     1 ||     2
